Map: Habitation Station LE (Void)

Players

OLDRAVEN - Winner!

  • Race: Protoss Protoss
  • League: Platinum
  • Spawn Location: 11:00

Amix

  • Race: Zerg Zerg
  • League: Platinum
  • Spawn Location: 1:00

VOD

Have the link to the VOD?

Description

Time

  • Played on: Dec. 21, 2016, 10:33 a.m.
  • Length: 3:39
Show
View Real Time Build Order
Export as new Build Order

OLDRAVEN Protoss - Winner!

Build Orders:  

Get SALT Encoding   

  12  0:03  Probe (Chrono Boost)  
  13  0:16  Pylon  
  13  0:19  Probe (Chrono Boost)  
  14  0:30  Probe (Chrono Boost)  
  15  0:40  Probe (Chrono Boost)  
  16  0:43  Pylon  
  16  0:51  Probe (Chrono Boost)  
  17  1:03  Gateway  
  17  1:04  Gateway  
  17  1:13  Gateway  
  17  1:24  Gateway  
  17  1:28  Probe (Chrono Boost)  
  18  1:38  Probe (Chrono Boost)  
  19  1:53  Pylon  
  19  1:56  Pylon  
  19  2:01  Zealot x2  
  23  2:02  Zealot  
  23  2:08  Zealot  
  27  2:28  Zealot x2  
  27  2:29  Zealot  
  33  2:32  Zealot  
  35  2:55  Zealot x2  
  39  3:07  Zealot  
  39  3:11  Zealot  
Show
View Real Time Build Order
Export as new Build Order

Amix Zerg 

Build Orders: Hatch First 

Get SALT Encoding   

  12  0:01  Drone  
  13  0:08  Drone  
  14  0:17  Overlord  
  14  0:21  Extractor  
  14  0:23  Drone  
  15  0:35  Drone x2  
  17  0:54  Hatchery  
  17  0:56  Drone  
  17  0:59  Extractor  
  17  1:01  Drone  
  17  1:17  Spawning Pool  
  16  1:19  Drone  
  16  1:23  Drone  
  18  1:27  Drone  
  19  1:37  Drone  
  20  1:49  Overlord  
  20  2:03  Metabolic Boost  
  20  2:04  Queen  
  20  2:07  Queen  
  24  2:11  Zergling x2  
  24  2:14  Zergling x2  
  26  2:23  Zergling x6  
  29  2:38  Spine Crawler, Zergling x4  
  29  2:40  Zergling x2  
  31  2:46  Overlord  
  22  3:15  Zergling x4, Spine Crawler  
  22  3:16  Zergling x2  
  22  3:18  Zergling x4, Spine Crawler  
Tags
 
Add a new tag
Caveats
  • Supply blocks, unpowered buildings, or Contaminate may cause inaccurate times.
  • Supply counts are checked every 10 seconds.